 Dungeon Crawl Stone Soup version 0.20-a0-19-gd4fea00 (webtiles) character file.

465 C3l3ry the Cleaver (level 6, 0/52 HPs)
             Began as a Minotaur Berserker on Nov 6, 2016.
             Was a Priest of Trog.
             Slain by an ogre
             ... wielding a +0 giant spiked club
              (26 damage)
             ... on level 4 of the Dungeon.
             The game lasted 00:16:10 (4410 turns).

C3l3ry the Cleaver (Minotaur Berserker)             Turns: 4410, Time: 00:16:11

Health: 0/52       AC:  8    Str: 21    XL:     6   Next: 80%
Magic:  5/5        EV:  8    Int:  4    God:    Trog [***...]
Gold:   177        SH:  0    Dex: 12    Spells: 0 memorised, 5 levels left

rFire  . . .     SeeInvis .     r - +0 war axe
rCold  . . .     Gourm    .     q - +0 chain mail
rNeg   . . .     Faith    .     (no shield)
rPois  .         Spirit   .     (helmet restricted)
rElec  .         Reflect  .     (no cloak)
rCorr  .         Harm     .     (no gloves)
MR     .....                    (no boots)
Stlth  ..........               (no amulet)
                                (no ring)
                                (no ring)

@: drained
A: retaliatory headbutt, horns 2
a: Berserk, Trog's Hand, Burn Spellbooks, Renounce Religion


You were on level 4 of the Dungeon.
You worshipped Trog.
Trog was most pleased with you.
You were hungry.

You visited 1 branch of the dungeon, and saw 4 of its levels.

You collected 177 gold pieces.

Inventory:

Hand Weapons
 a - a +0 hand axe
 r - a +0 war axe (weapon)
Missiles
 e - 74 stones (quivered)
 i - 20 poisoned needles
Armour
 b - a +0 animal skin
 j - a +0 scale mail
 q - a +0 chain mail (worn)
Scrolls
 d - a scroll of noise {unknown}
 g - 2 scrolls of fear {unknown}
 h - 7 scrolls of identify {unknown}
 k - 2 scrolls of teleportation {unknown}
 l - 4 scrolls of remove curse {unknown}
 o - 2 scrolls of enchant armour {unknown}
Potions
 f - 4 potions of curing
 n - a potion of lignification {unknown}
 s - a potion of mutation {unknown}
 t - a potion of resistance {unknown}
Comestibles
 c - a beef jerky
 m - 2 meat rations
 p - 2 bread rations
 u - a fruit


   Skills:
 - Level 3.7(3.6) Fighting
 * Level 9.2(9.1) Axes
 - Level 2.5(2.3) Armour
 - Level 2.1(2.0) Dodging


You had 5 spell levels left.
You didn't know any spells.

Dungeon Overview and Level Annotations

Branches:
Dungeon (4/15)
 Temple: D:4-7

Altars:
Vehumet


Innate Abilities, Weirdness & Mutations

You reflexively headbutt those who attack you in melee.
You have a pair of horns on your head.


Message History

You see here a runed hunting sling.
u - a fruit An ogre comes into view. It is wielding a giant spiked club.
The ogre shouts!
You slash the ogre! You headbutt the ogre!
The ogre is severely wounded.
The ogre hits you with a giant spiked club!
You hit the ogre.
The ogre is severely wounded.
The ogre barely misses you.
You hit the ogre but do no damage.
The ogre is severely wounded.
The ogre hits you with a giant spiked club!
You hit the ogre but do no damage.
The ogre is severely wounded.
You slash the ogre!
The ogre is almost dead.
The ogre hits you with a giant spiked club!!
Ouch! That really hurt!
You die...

#........#...### #.#
#........###...##..#
#####.########.#....####
........................
#####.########..........
#.# #.......... #.#
#.......... ##.#
#.......... #..#
###@###...# #)## #O.#
#.# ##.# ..... ###..#
.......# ....##
#......... #####
#.......### # #.......#
# ........#


You could see an ogre.

Vanquished Creatures
  Grinder (D:3)
  A bullfrog (D:3)
  An orc priest (D:4)
  5 adders
  2 oozes
  3 worms
  3 dart slugs (D:1)
  5 leopard geckos
  11 orcs
  A ball python (D:1)
  5 giant cockroaches
  8 goblins
  9 hobgoblins
  7 jackals (D:1)
  6 kobolds
  2 quokkas
  9 bats
  4 frilled lizards
  4 rats
87 creatures vanquished.

Notes
Turn   | Place    | Note
-------+----------+-------------------------------------------
     0 | D:1      | C3l3ry the Minotaur Berserker began the quest for the Orb.
     0 | D:1      | Reached XP level 1. HP: 19/19 MP: 0/0
    51 | D:1      | Reached skill level 4 in Axes
   569 | D:1      | Reached XP level 2. HP: 15/27 MP: 1/1
  1397 | D:1      | Reached skill level 5 in Axes
  1397 | D:1      | Reached XP level 3. HP: 28/33 MP: 2/2
  2061 | D:2      | Reached ** piety under Trog
  2198 | D:2      | Reached XP level 4. HP: 36/40 MP: 3/3
  2472 | D:2      | Reached skill level 6 in Axes
  2781 | D:3      | Noticed a bullfrog
  2786 | D:3      | Killed a bullfrog
  2786 | D:3      | Reached skill level 7 in Axes
  2786 | D:3      | Reached XP level 5. HP: 42/46 MP: 4/4
  2943 | D:3      | Found a radiant altar of Vehumet.
  3047 | D:3      | Noticed Grinder
  3047 | D:3      | Paralysed by Grinder for 2 turns
  3057 | D:3      | Killed Grinder
  3057 | D:3      | Reached skill level 8 in Axes
  3057 | D:3      | Reached XP level 6. HP: 52/52 MP: 5/5
  3929 | D:3      | Reached skill level 9 in Axes
  4113 | D:4      | Reached *** piety under Trog
  4410 | D:4      | Slain by an ogre

Vault maps used:
D:1:      dpeg_arrival_boxes_within_box
D:3:      cheibrodos_helix_gallery, vehumet_crystals, uniq_grinder
D:4:      serial_glass, glass_columns_a, glass_columns_a,
          lightli_ossuary_entry_decrepit_ruins, first_bread

Skill      XL: |  1  2  3  4  5  6 |
---------------+-------------------+-----
Axes           | 4 5 7 8 9 |  9.2
Fighting       | |  3.7
Armour         | |  2.5
Dodging        | |  2.1

Action                   |  1- 3 |  4- 6 || total
-------------------------+-------+-------++-------
Melee: Hand axe          |    96 |    86 ||   182
       Headbutt          |    10 |    18 ||    28
       War axe           |       |    20 ||    20
Invok: Berserk           |       |     3 ||     3
  Eat: Chunk             |     4 |     5 ||     9
       Bread ration      |       |     1 ||     1
Armor: Animal skin       |     9 |       ||     9
       Scale mail        |     5 |    26 ||    31
       Chain mail        |       |     5 ||     5
Dodge: Dodged            |    67 |    45 ||   112
